NYP
TRI-CITY VALLEYCATS @ MAHONING VALLEY SCRAPPERS
09/08/2047
 
TOP OF THE 1ST
Tri-City ValleyCats batting - Pitching for Mahoning Valley Scrappers : LHP Jose Vega
Pitching: LHP Jose Vega
Batting: RHB Xavier Castaneda 0-0: Foul Ball, location: 2F
0-1: Ball
1-1: Ball
2-1: Foul Ball, location: 2F
2-2: DOUBLE (Flyball, 89D, EV 111.9 MPH)
Batting: RHB Drew Coleman 0-0: Fly out, F8 (Flyball, 8RM, EV 81.2 MPH)
Batting: LHB Danny Wolver 0-0: Ground out 4-3 (Groundball, 4, EV 86.9 MPH)
Xavier Castaneda to third
Batting: SHB Sean Hill 0-0: Swinging Strike
0-1: Called Strike
0-2: Ball
1-2: Ball
2-2: Ball
3-2: Strikes out swinging
Top of the 1st over - 0 runs, 1 hit, 0 errors, 1 left on base; Tri-City 0 - Mahoning Valley 0
BOTTOM OF THE 1ST
Mahoning Valley Scrappers batting - Pitching for Tri-City ValleyCats : RHP Mario del Rio
Pitching: RHP Mario del Rio
Batting: RHB Mitch Boyd 0-0: Ball
1-0: Ball
2-0: TRIPLE (Flyball, 9D, EV 94.4 MPH)
Batting: RHB Josh Patterson 0-0: Ground out 4-3 (Groundball, 34, EV 85.0 MPH)
Mitch Boyd scores
Batting: LHB Ben Rubenacker 0-0: Ball
1-0: Fly out, F7 (Flyball, 7, EV 86.2 MPH)
Batting: LHB Kazuyoshi Nakamura 0-0: Called Strike
0-1: Ball
1-1: Swinging Strike
1-2: Foul Ball, location: 2F
1-2: Ball
2-2: Strikes out swinging
Bottom of the 1st over - 1 run, 1 hit, 0 errors, 0 left on base; Tri-City 0 - Mahoning Valley 1
TOP OF THE 2ND
Tri-City ValleyCats batting - Pitching for Mahoning Valley Scrappers : LHP Jose Vega
Batting: RHB J.R. Roberts 0-0: Called Strike
0-1: Swinging Strike
0-2: Strikes out swinging
Batting: LHB Daigo Ishii 0-0: Ball
1-0: Called Strike
1-1: Ball
2-1: Ball
3-1: Ground out 5-3 (Groundball, 56, EV 88.1 MPH)
Batting: RHB Tristan Lewis 0-0: Called Strike
0-1: Ball
1-1: Reached on error, E6 (Groundball, 6, EV 86.9 MPH)
Batting: RHB Jamie Youngs 0-0: Called Strike
0-1: Fielders Choice at 2nd, 5-4 (Groundball, 5, EV 86.9 MPH)
Top of the 2nd over - 0 runs, 0 hits, 1 error, 1 left on base; Tri-City 0 - Mahoning Valley 1
BOTTOM OF THE 2ND
Mahoning Valley Scrappers batting - Pitching for Tri-City ValleyCats : RHP Mario del Rio
Batting: LHB Esteban Cordova 0-0: Ball
1-0: Foul Ball, location: 2F
1-1: Ball
2-1: Foul Ball, location: 2F
2-2: Foul Ball, location: 2F
2-2: Foul Ball, location: 2F
2-2: Ball
3-2: Foul Ball, location: 2F
3-2: Strikes out swinging passed ball, reaches first!
Batting: RHB Carlos Salazar 0-0: Swinging Strike
0-1: Called Strike
0-2: Strikes out swinging
Batting: RHB Willie Gonzales 0-0: Ball
1-0: Foul Ball, location: 2F
1-1: SINGLE (Flyball, 5D, EV 96.2 MPH)
Esteban Cordova to second
Batting: RHB Jeremy Givens 0-0: Called Strike
0-1: Foul Ball, location: 2F
0-2: Ball
1-2: Strikes out swinging
Batting: RHB Ricky Cordova 0-0: Fielders Choice at 2nd, 6-4 (Groundball, 6, EV 99.4 MPH)
Bottom of the 2nd over - 0 runs, 1 hit, 0 errors, 2 left on base; Tri-City 0 - Mahoning Valley 1
TOP OF THE 3RD
Tri-City ValleyCats batting - Pitching for Mahoning Valley Scrappers : LHP Jose Vega
Batting: LHB Bob Govella 0-0: Ground out 6-3 (Groundball, 6, EV 85.6 MPH)
Batting: RHB Xavier Castaneda 0-0: Ball
1-0: Foul Ball, location: 2F
1-1: Foul Ball, location: 2F
1-2: Ball
2-2: Ball
3-2: Foul Ball, location: 2F
3-2: Ground out 5-3 (Groundball, 25, EV 85.6 MPH)
Batting: RHB Drew Coleman 0-0: Ball
1-0: Ball
2-0: Ball
3-0: Called Strike
3-1: Called Strike
3-2: Fly out, F8 (Line Drive, 8RD, EV 95.0 MPH)
Top of the 3rd over - 0 runs, 0 hits, 0 errors, 0 left on base; Tri-City 0 - Mahoning Valley 1
BOTTOM OF THE 3RD
Mahoning Valley Scrappers batting - Pitching for Tri-City ValleyCats : RHP Mario del Rio
Batting: RHB Mitch Boyd 0-0: Swinging Strike
0-1: Ground out 5-3 (Groundball, 56, EV 81.2 MPH)
Batting: RHB Josh Patterson 0-0: Ball
1-0: Foul Ball, location: 2F
1-1: Foul Ball, location: 2F
1-2: Ground out 6-3 (Groundball, 6, EV 75.6 MPH)
Batting: LHB Ben Rubenacker 0-0: Foul Ball, location: 2F
0-1: Ball
1-1: Called Strike
1-2: Foul Ball, location: 2F
1-2: Fly out, F7 (Flyball, 7D, EV 90.0 MPH)
Bottom of the 3rd over - 0 runs, 0 hits, 0 errors, 0 left on base; Tri-City 0 - Mahoning Valley 1
TOP OF THE 4TH
Tri-City ValleyCats batting - Pitching for Mahoning Valley Scrappers : LHP Jose Vega
Batting: LHB Danny Wolver 0-0: Ball
1-0: Called Strike
1-1: Called Strike
1-2: Ball
2-2: Foul Ball, location: 2F
2-2: Ball
3-2: Strikes out swinging
Batting: SHB Sean Hill 0-0: Called Strike
0-1: Swinging Strike
0-2: Strikes out swinging
Batting: RHB J.R. Roberts 0-0: Called Strike
0-1: Ball
1-1: Ball
2-1: Fly out, F9 (Flyball, 9D, EV 90.6 MPH)
Top of the 4th over - 0 runs, 0 hits, 0 errors, 0 left on base; Tri-City 0 - Mahoning Valley 1
BOTTOM OF THE 4TH
Mahoning Valley Scrappers batting - Pitching for Tri-City ValleyCats : RHP Mario del Rio
Batting: LHB Kazuyoshi Nakamura 0-0: Swinging Strike
0-1: Ball
1-1: Foul Ball, location: 2F
1-2: Strikes out swinging, 2-3 out at first.
Batting: LHB Esteban Cordova 0-0: Ball
1-0: Fly out, F7 (Flyball, 7, EV 90.6 MPH)
Batting: RHB Carlos Salazar 0-0: Foul Ball, location: 2F
0-1: Called Strike
0-2: Fly out, F7 (Flyball, 78S, EV 84.4 MPH)
Bottom of the 4th over - 0 runs, 0 hits, 0 errors, 0 left on base; Tri-City 0 - Mahoning Valley 1
TOP OF THE 5TH
Tri-City ValleyCats batting - Pitching for Mahoning Valley Scrappers : LHP Jose Vega
Batting: LHB Daigo Ishii 0-0: Called Strike
0-1: Ground out 4-3 (Groundball, 4, EV 102.5 MPH)
Batting: RHB Tristan Lewis 0-0: Ball
1-0: Foul Ball, location: 2F
1-1: Foul Ball, location: 2F
1-2: SINGLE (Flyball, 9LS, EV 85.0 MPH)
Batting: RHB Jamie Youngs 0-0: Ball
1-0: Foul Ball, location: 2F
1-1: Fielders Choice at 2nd, 5-4 (Groundball, 25, EV 84.4 MPH)
Batting: LHB Bob Govella 0-0: Foul Ball, location: 2F
0-1: Foul Ball, location: 2F
0-2: Ball
1-2: Ball
2-2: Fly out, F4 (Line Drive, 4, EV 75.0 MPH)
Top of the 5th over - 0 runs, 1 hit, 0 errors, 1 left on base; Tri-City 0 - Mahoning Valley 1
BOTTOM OF THE 5TH
Mahoning Valley Scrappers batting - Pitching for Tri-City ValleyCats : RHP Mario del Rio
Batting: RHB Willie Gonzales 0-0: SINGLE (Flyball, 5D, EV 86.9 MPH)
Batting: RHB Jeremy Givens 0-0: Ball
Willie Gonzales steals 2nd base
1-0: Called Strike
1-1: Foul Ball, location: 2F
1-2: Fly out, F8 (Line Drive, 89D, EV 89.4 MPH)
Runner from 2nd tags up, SAFE at 3rd, no throw by CF
Now in LF: Omar Marquez
Now in CF: Xavier Castaneda
Batting: RHB Ricky Cordova 0-0: SINGLE (Groundball, 6M, EV 85.0 MPH) (infield hit)
Willie Gonzales scores
Batting: RHB Mitch Boyd 0-0: Called Strike
0-1: Called Strike
Ricky Cordova steals 2nd base
0-2: Ball
1-2: Ground out 5-3 (Groundball, 5L, EV 90.0 MPH)
Batting: RHB Josh Patterson 0-0: Ball
1-0: Ball
2-0: Ball
3-0: Called Strike
3-1: Base on Balls
Batting: LHB Ben Rubenacker 0-0: Foul Ball, location: 2F
0-1: Ball
1-1: Called Strike
1-2: Fly out, F8 (Line Drive, 8RM, EV 96.2 MPH)
Bottom of the 5th over - 1 run, 2 hits, 0 errors, 2 left on base; Tri-City 0 - Mahoning Valley 2
TOP OF THE 6TH
Tri-City ValleyCats batting - Pitching for Mahoning Valley Scrappers : LHP Jose Vega
Batting: RHB Xavier Castaneda 0-0: Ball
1-0: Ball
2-0: Foul Ball, location: 2F
2-1: Ball
3-1: SINGLE (Flyball, 4D, EV 92.5 MPH)
Batting: RHB Drew Coleman 0-0: Called Strike
0-1: Ball
1-1: Ball
Xavier Castaneda steals 2nd, throwing error, E2
Xavier Castaneda to third
2-1: Ground out 4-3 (Groundball, 4, EV 88.8 MPH)
Xavier Castaneda scores
Batting: LHB Danny Wolver 0-0: Ball
1-0: Called Strike
1-1: Foul Ball, location: 2F
1-2: Strikes out swinging
Batting: SHB Sean Hill 0-0: Foul Ball, location: 2F
0-1: Ball
1-1: Swinging Strike
1-2: Strikes out swinging, 2-3 out at first.
Top of the 6th over - 1 run, 1 hit, 1 error, 0 left on base; Tri-City 1 - Mahoning Valley 2
BOTTOM OF THE 6TH
Mahoning Valley Scrappers batting - Pitching for Tri-City ValleyCats : RHP Mario del Rio
Batting: LHB Kazuyoshi Nakamura 0-0: Ball
1-0: Ball
2-0: Ball
3-0: Called Strike
3-1: Base on Balls
Pitching: LHP Francisco de la Torre
Batting: LHB Esteban Cordova 0-0: Ball
1-0: Ball
2-0: Ball
3-0: Base on Balls
Kazuyoshi Nakamura to second
Batting: RHB Carlos Salazar 0-0: Called Strike
0-1: Ball
1-1: Foul Ball, location: 2F
1-2: Foul Ball, location: 2F
1-2: SINGLE (Groundball, 5L, EV 98.8 MPH)
Kazuyoshi Nakamura to third
Esteban Cordova to second
Runner from 3rd tries for Home, SAFE, throw by LF to home
Batting: RHB Willie Gonzales 0-0: Foul Ball, location: 2F
0-1: Foul Ball, location: 2F
0-2: Foul Ball, location: 2F
0-2: Grounds into double play, 3-6-3 (Groundball, 34, EV 80.6 MPH)
Esteban Cordova to third
Batting: RHB Jeremy Givens 0-0: Ball
1-0: Called Strike
1-1: Ball
2-1: Ball
3-1: Called Strike
3-2: Ground out 6-3 (Groundball, 6, EV 79.4 MPH)
Bottom of the 6th over - 1 run, 1 hit, 0 errors, 1 left on base; Tri-City 1 - Mahoning Valley 3
TOP OF THE 7TH
Tri-City ValleyCats batting - Pitching for Mahoning Valley Scrappers : LHP Jose Vega
Batting: RHB J.R. Roberts 0-0: Ball
1-0: Foul Ball, location: 2F
1-1: Called Strike
1-2: Ball
2-2: Strikes out looking
Batting: LHB Daigo Ishii 0-0: Ball
1-0: Fly out, F6 (Popup, 6S, EV 74.4 MPH)
Batting: RHB Tristan Lewis 0-0: Ball
1-0: Called Strike
1-1: Swinging Strike
1-2: Strikes out swinging
Top of the 7th over - 0 runs, 0 hits, 0 errors, 0 left on base; Tri-City 1 - Mahoning Valley 3
BOTTOM OF THE 7TH
Mahoning Valley Scrappers batting - Pitching for Tri-City ValleyCats : LHP Francisco de la Torre
Batting: RHB Ricky Cordova 0-0: Foul Ball, location: 2F
0-1: Ball
1-1: Ball
2-1: Foul Ball, location: 2F
2-2: Ball
3-2: Foul Ball, location: 2F
3-2: Strikes out swinging
Batting: RHB Mitch Boyd 0-0: Ball
1-0: Ball
2-0: Foul Ball, location: 2F
2-1: Ball
3-1: Called Strike
3-2: Ground out 5-3 (Groundball, 56S, EV 92.5 MPH)
Pitching: RHP Danny Helm
Batting: RHB Josh Patterson 0-0: Foul Ball, location: 2F
0-1: Ball
1-1: Ball
2-1: Foul Ball, location: 2F
2-2: Ball
3-2: Foul Ball, location: 2F
3-2: Fly out, F9 (Flyball, 9D, EV 90.0 MPH)
Bottom of the 7th over - 0 runs, 0 hits, 0 errors, 0 left on base; Tri-City 1 - Mahoning Valley 3
TOP OF THE 8TH
Tri-City ValleyCats batting - Pitching for Mahoning Valley Scrappers : LHP Jose Vega
Batting: RHB Jamie Youngs 0-0: Ball
1-0: Called Strike
1-1: Ground out 6-3 (Groundball, 6D, EV 86.2 MPH)
Batting: LHB Omar Marquez 0-0: Ball
1-0: Ball
2-0: Hit by Pitch
Batting: RHB Xavier Castaneda 0-0: Ball
1-0: Called Strike
1-1: Called Strike
1-2: Foul Ball, location: 2F
1-2: Strikes out looking
Pitching: RHP Rainer Von Croy
Batting: RHB Drew Coleman 0-0: Swinging Strike
0-1: Ball
1-1: Foul Ball, location: 2F
1-2: Foul Ball, location: 2F
1-2: Foul Ball, location: 2F
1-2: Strikes out swinging
Top of the 8th over - 0 runs, 0 hits, 0 errors, 1 left on base; Tri-City 1 - Mahoning Valley 3
BOTTOM OF THE 8TH
Mahoning Valley Scrappers batting - Pitching for Tri-City ValleyCats : RHP Danny Helm
Batting: LHB Ben Rubenacker 0-0: Ball
1-0: Called Strike
1-1: Ball
2-1: Swinging Strike
2-2: Ball
3-2: Ground out U3 (Groundball, 34, EV 104.4 MPH)
Batting: LHB Kazuyoshi Nakamura 0-0: Ball
1-0: Ball
2-0: Called Strike
2-1: Foul Ball, location: 2F
2-2: SINGLE (Line Drive, 8RS, EV 97.5 MPH)
Batting: LHB Esteban Cordova 0-0: Ball
1-0: Called Strike
1-1: Ball
2-1: Ball
3-1: Foul Ball, location: 2F
3-2: Fly out, F8 (Flyball, 8RD, EV 105.0 MPH)
Pitching: RHP Michiyo Takayama
Batting: RHB Carlos Salazar 0-0: Ball
Kazuyoshi Nakamura is caught stealing 2nd base 2-4
Bottom of the 8th over - 0 runs, 1 hit, 0 errors, 0 left on base; Tri-City 1 - Mahoning Valley 3
TOP OF THE 9TH
Tri-City ValleyCats batting - Pitching for Mahoning Valley Scrappers : RHP Rainer Von Croy
Now in LF: Ricky Cordova
Now in RF: Travis Burnett
Batting: LHB Danny Wolver 0-0: Ball
1-0: Called Strike
1-1: Ground out 5-3 (Groundball, 56, EV 100.0 MPH)
Batting: SHB Sean Hill 0-0: Ball
1-0: Ball
2-0: Called Strike
2-1: Ball
3-1: TRIPLE (Line Drive, 78XD, EV 105.6 MPH)
Batting: RHB J.R. Roberts 0-0: Swinging Strike
0-1: Foul Ball, location: 2F
0-2: Strikes out swinging
Batting: LHB Daigo Ishii 0-0: Ball
1-0: Foul Ball, location: 2F
1-1: Foul Ball, location: 2F
1-2: Foul Ball, location: 2F
1-2: Reached via error on a dropped throw from 2B, E3 (Groundball, 4D, EV 103.8 MPH)
Sean Hill scores
Batting: RHB Tristan Lewis 0-0: Called Strike
0-1: Fly out, F8 (Line Drive, 8RM, EV 86.9 MPH)
Top of the 9th over - 1 run, 1 hit, 1 error, 1 left on base; Tri-City 2 - Mahoning Valley 3
Thursday, December 15th , 2022 - OOTP Baseball 23.9 Build 102